 Dungeon Crawl Stone Soup version 0.30-a0-459-g9104f0fc43 (webtiles) character file.

Game seed: 15302398726197967037

11629 Ijustatesigmund the Fighter (level 11, 0/76 HPs)
             Began as a Gargoyle Delver on Dec 15, 2022.
             Slain by a seven-headed hydra (9 damage)
             ... on level 9 of the Dungeon.
             The game lasted 00:25:26 (9762 turns).

Ijustatesigmund the Fighter (Gargoyle Delver)       Turns: 9762, Time: 00:25:27

Health: 0/76       AC: 22    Str: 16    XL:     11   Next: 80%
Magic:  11/11      EV: 15    Int: 15    God:
Gold:   1014       SH:  7    Dex: 11    Spells: 10/10 levels left

rFire   + . .      SeeInvis .    a - +3 flail (freeze)
rCold   + + .      Faith    .    e - +2 buckler {rC+ rF+}
rNeg    + . .      Spirit   .    b - +1 chain mail {rC+}
rPois   ∞          Reflect  .    p - +1 helmet
rElec   +          Harm     .    (no cloak)
rCorr   .          Rampage  .    (no gloves)
Will    .....                    (no boots)
Stlth   ..........               o - amulet of regeneration
HPRegen 1.12/turn                r - +4 ring of evasion
MPRegen 0.12/turn                n - +4 ring of evasion

@: about to teleport
A: sickness immunity, AC +8, negative energy resistance 1, electricity
resistance, torment resistance 1, petrification resistance
a: no special abilities


You were on level 9 of the Dungeon.
You visited 2 branches of the dungeon, and saw 10 of its levels.
You also visited: Ossuary and Bailey.

You collected 1134 gold pieces.
You spent 120 gold pieces at shops.

Inventory:

Hand Weapons
 a - a +3 flail of freezing (weapon)
 l - a +1 hand axe of flaming
Missiles
 x - a throwing net (quivered)
Armour
 b - a +1 chain mail of cold resistance (worn)
 e - a +2 buckler of resistance (worn)
 p - a +1 helmet (worn)
 v - +0 steam dragon scales
Jewellery
 f - a ring of willpower
 n - a +4 ring of evasion (right hand)
 o - an amulet of regeneration (around neck)
 r - a +4 ring of evasion (left hand)
 t - a ring of protection from fire
 y - the dreamshard necklace {*Dream Drain}
   (You found it on level 6 of the Dungeon)

   [amulet of nothing]

   It shatters if its wearer takes lethal or near-lethal damage, preventing the
   blow and releasing protective dreams that heal and fight for the wearer.
   Drain:     It drains your maximum health when unequipped.
 A - a ring of positive energy
 B - a ring of fire
 I - the amulet of the Unkillable {Spirit rElec rPois rF+++ Int-3}
   (You acquired it on level 8 of the Dungeon)

   [amulet of guardian spirit]

   It causes incoming damage to be divided between your reserves of health and
   magic.
   Int:       It affects your intelligence (-3).
   rF:        It renders you almost immune to fire.
   rElec:     It insulates you from electricity.
   rPois:     It protects you from poison.
 K - a ring of ice
Wands
 g - a wand of digging (1)
 u - a wand of charming (3)
 w - a wand of polymorph (9)
 F - a wand of quicksilver (9)
 L - a wand of flame (9)
Scrolls
 c - 3 scrolls of fog
 d - 3 scrolls of magic mapping
 h - a scroll of teleportation
 k - 2 scrolls of butterflies
 D - 3 scrolls of amnesia {unknown}
 E - a scroll of identify
 J - a scroll of poison {unknown}
Potions
 i - 11 potions of curing
 j - 2 potions of brilliance
 m - 2 potions of mutation
 q - a potion of ambrosia
 s - 4 potions of flight
 z - a potion of lignification
 C - a potion of heal wounds
 G - a potion of resistance {unknown}
Miscellaneous
 H - a phantom mirror (inert)


   Skills:
 + Level 11.8 Fighting
 + Level 10.6 Maces & Flails
 - Level 8.1 Armour
 - Level 1.5 Dodging
 - Level 5.4 Stealth
 + Level 6.2 Shields
 + Level 5.4 Evocations


You had 10 spell levels left.
You didn't know any spells.
Your spell library contained the following spells:

 Spells                   Type           Power      Damage    Failure   Level
 Necrotise                Necr           0%         1d4       99%         1
 Summon Small Mammal      Summ           0%         N/A       99%         1
 Call Canine Familiar     Summ           0%         N/A       100%        3
 Summon Guardian Golem    Hex/Summ       0%         N/A       100%        3
 Vampiric Draining        Necr           0%         2d6       100%        3
 Animate Armour           Summ/Erth      0%         N/A       100%        4
 Agony                    Necr           0%         N/A       100%        5
 Alistair's Intoxication  Tmut/Pois      0%         N/A       100%        5
 Blade Hands              Tmut           0%         N/A       100%        5
 Borgnjor's Vile Clutch   Necr/Erth      0%         N/A       100%        5
 Eringya's Noxious Bog    Tmut/Pois      0%         N/A       100%        6
 Iron Shot                Conj/Erth      0%         9d1       100%        6


Dungeon Overview and Level Annotations

Branches:
Dungeon (9/15)             Temple (1/1) D:4            Lair (0/5) D:8
Ossuary (visited)          Bailey (visited)
    Orc: D:9-12

Altars:
Ashenzari
Dithmenos
Fedhas
Gozag
Hepliaklqana
Kikubaaqudgha
Makhleb
Nemelex Xobeh
Qazlal
Ru
Sif Muna
Trog
Uskayaw
Vehumet
Wu Jian
Xom
Yredelemnul
Zin
The Shining One

Shops:
D:6 *


Innate Abilities, Weirdness & Mutations

You are immune to sickness and miasma.
Your stone body is resilient. (AC +8)
You are immune to poison.
You resist negative energy. (rN+)
You are resistant to electric shocks. (rElec)
You are resistant to unholy torment.
You are immune to petrification.


Message History

The yak barely misses you.
You block the seven-headed hydra's attack. x3
The seven-headed hydra bites you. The seven-headed hydra bites you!
The seven-headed hydra bites you.
The seven-headed hydra bites you but does no damage.
As you read the scroll of teleportation, it crumbles to dust.
You feel strangely unstable. The yak completely misses you.
The yak gores you but does no damage.
You block the seven-headed hydra's attack.
The seven-headed hydra bites you but does no damage.
The seven-headed hydra bites you. x2
You block the seven-headed hydra's attack.
The seven-headed hydra bites you.
* * * LOW HITPOINT WARNING * * *
The seven-headed hydra bites you but does no damage.
You hit the yak. You freeze the yak.
The yak is almost dead.
The yak closely misses you. The yak gores you.
* * * LOW HITPOINT WARNING * * *
Unknown command.
You thump the yak! You freeze the yak.
You kill the yak!
The seven-headed hydra bites you.
* * * LOW HITPOINT WARNING * * *
The seven-headed hydra bites you.
* * * LOW HITPOINT WARNING * * *
The seven-headed hydra completely misses you.
The seven-headed hydra closely misses you.
The seven-headed hydra barely misses you.
The seven-headed hydra closely misses you.
The seven-headed hydra barely misses you.
You block the yak's attack.
The seven-headed hydra attacks as you move away!
You block the seven-headed hydra's attack.
The seven-headed hydra barely misses you.
The seven-headed hydra bites you but does no damage. x2
You block the seven-headed hydra's attack.
The seven-headed hydra bites you but does no damage.
The seven-headed hydra bites you!
You die...

......... ........
.. .......### ####
##'# .......#..
..# .....
.......#.# #F#
..... .......#.#
#D#......
.......#.#
#@#......
...†...'.##
##†Y......
######.#..#
#.†#......
.....#.#..##
##..#......
.....#.##..###..##
.....
.....#.###.....##
..... .... #.#
###'### ##'#
...###.# #.†)..#
..
.).....##.......#


You could see a seven-headed hydra, a yak and a bullfrog.

Vanquished Creatures
  Gastronok (D:8)
  Erica (D:9)
  A two-headed ogre (D:9)
  Pikel (D:8)
  A deep elf pyromancer (D:9)
  A manticore (D:9)
  An ugly thing (D:9)
  2 cyclopes
  A komodo dragon (D:8)
  A troll (D:9)
  A shadow (D:9)
  Sigmund (D:4)
  Eustachio (D:5)
  5 yaks (D:9)
  Grum (D:8)
  3 wyverns
  Menkaure (D:5)
  2 steam dragons
  An acid dragon (D:8)
  2 ice beasts (D:5)
  4 orc warriors
  3 sky beasts
  6 wolves
  3 centaurs
  4 lemures
  2 phantoms (D:5)
  6 bullfrogs
  3 scorpions
  2 necrophages
  3 gnoll sergeants
  5 wights
  4 killer bees (D:7)
  9 howler monkeys
  3 hounds
  2 jellies (D:6)
  4 gnoll boudas
  3 orc priests
  5 iguanas
  3 orc wizards
  3 mummies (Ossuary)
  2 adders
  35 gnolls
  A white imp (D:5)
  3 adder zombies (Ossuary)
  2 dart slugs
  21 orcs
  A ball python (D:1)
  5 endoplasms
  5 giant cockroaches
  14 goblins
  8 hobgoblins
  5 jackals
  9 kobolds
  3 quokkas (D:1)
  5 bats
  3 frilled lizards (D:1)
  2 goblin zombies (Ossuary)
  6 hobgoblin zombies (Ossuary)
  2 kobold zombies (Ossuary)
  3 quokka zombies (Ossuary)
  4 rats
  2 rat zombies (Ossuary)
  A spectral orc (D:3)
248 creatures vanquished.

Vanquished Creatures (others)
  Maurice (D:9)
  A troll (D:9)
  A hound (D:6)
  A jackal (D:6)
  A butterfly (D:8)
  2 fungi (D:1)
7 creatures vanquished.

Grand Total: 255 creatures vanquished

Notes
Turn   | Place    | Note
-------+----------+-------------------------------------------
     0 | D:5      | Ijustatesigmund the Gargoyle Delver began the quest for the
                  | Orb.
     0 | D:5      | Reached XP level 1. HP: 14/14 MP: 1/1
    64 | D:5      | Noticed an iguana
   353 | D:4      | Found a staircase to the Ecumenical Temple.
   511 | D:2      | Reached XP level 2. HP: 18/19 MP: 2/2
   737 | D:1      | Identified a scroll of acquirement
   737 | D:1      | Acquired 482 gold pieces
  1340 | D:1      | Reached XP level 3. HP: 24/24 MP: 3/3
  1505 | D:1      | Reached skill level 4 in Fighting
  2055 | D:3      | Reached XP level 4. HP: 28/30 MP: 4/4
  2285 | D:3      | Found a bloodstained altar of Trog.
  2619 | D:3      | Found a basalt altar of Yredelemnul.
  2770 | D:4      | Noticed a scorpion
  2781 | D:4      | Killed a scorpion
  2782 | D:4      | Reached skill level 5 in Fighting
  2782 | D:4      | Reached XP level 5. HP: 23/35 MP: 5/5
  2786 | Temple   | Entered the Ecumenical Temple
  3328 | D:4      | Reached skill level 1 in Armour
  3328 | D:4      | Reached XP level 6. HP: 40/40 MP: 6/6
  3332 | D:4      | Noticed Sigmund
  3354 | D:4      | Killed Sigmund
  3559 | D:4      | Reached skill level 6 in Fighting
  3692 | D:5      | Noticed Menkaure
  3701 | D:5      | Killed Menkaure
  3702 | D:5      | Reached skill level 5 in Maces & Flails
  3702 | D:5      | Reached XP level 7. HP: 31/46 MP: 7/7
  3820 | D:5      | Noticed Eustachio
  3873 | D:5      | Killed Eustachio
  3966 | D:5      | Reached XP level 8. HP: 49/52 MP: 8/8
  4055 | D:5      | Reached skill level 7 in Fighting
  4454 | D:5      | Reached skill level 5 in Armour
  4551 | D:5      | Reached skill level 8 in Fighting
  4733 | D:5      | Reached XP level 9. HP: 59/59 MP: 9/9
  5215 | D:6      | Found the dreamshard necklace {*Dream Drain}
  5243 | D:6      | Found Uxkotaoff's General Store.
  5247 | D:6      | Bought a scroll of fear for 48 gold pieces
  5247 | D:6      | Bought a potion of lignification for 36 gold pieces
  5247 | D:6      | Bought a potion of curing for 36 gold pieces
  5850 | D:7      | Reached skill level 9 in Fighting
  5903 | D:7      | Found a sand-covered staircase.
  5919 | Ossuary  | Entered an ossuary
  6273 | D:7      | Noticed a cyclops
  6426 | D:7      | Killed a cyclops
  6427 | D:7      | Reached XP level 10. HP: 37/67 MP: 10/10
  7011 | D:8      | Reached skill level 10 in Fighting
  7020 | D:8      | Noticed Grum
  7034 | D:8      | Reached skill level 1 in Evocations
  7063 | D:8      | Found a flagged portal.
  7071 | Bailey   | Entered a bailey
  7092 | Bailey   | Noticed an orc warlord
  7166 | Bailey   | Found a runed translucent gate.
  7169 | Bailey   | Found a runed translucent gate.
  7171 | Bailey   | Found a runed translucent gate.
  7255 | Bailey   | Reached skill level 1 in Shields
  7407 | D:8      | Acquired the amulet of the Unkillable {Spirit rElec rPois
                  | rF+++ Int-3}
  7412 | D:8      | Noticed Erica
  7412 | D:8      | Noticed Gastronok
  7421 | D:9      | Killed Erica
  8043 | D:8      | Found a hazy altar of Hepliaklqana.
  8077 | D:8      | Noticed Pikel
  8248 | D:8      | Killed Pikel
  8312 | D:8      | Killed Gastronok
  8313 | D:8      | Reached skill level 11 in Fighting
  8313 | D:8      | Reached XP level 11. HP: 23/74 MP: 11/11
  8523 | D:8      | Found a staircase to the Lair.
  8532 | D:8      | Reached skill level 10 in Maces & Flails
  8804 | D:8      | Killed Grum
  8842 | D:8      | HP: 1/74 [orc warlord/+6 battleaxe (9)]
  9171 | D:9      | Reached skill level 5 in Shields
  9228 | D:9      | Noticed Maurice
  9229 | D:9      | Noticed a centaur warrior
  9233 | D:9      | Noticed a manticore
  9234 | D:9      | Killed Maurice
  9255 | D:9      | Noticed a two-headed ogre
  9395 | D:9      | Killed a two-headed ogre
  9471 | D:9      | Killed a manticore
  9511 | D:9      | Noticed a deep elf pyromancer
  9535 | D:9      | Noticed a cyclops
  9536 | D:9      | Killed a deep elf pyromancer
  9537 | D:9      | Reached skill level 5 in Evocations
  9547 | D:9      | Killed a cyclops
  9574 | D:9      | Noticed a white ugly thing
  9645 | D:9      | Killed a white ugly thing
  9749 | D:9      | Noticed a seven-headed hydra
  9762 | D:9      | Slain by a seven-headed hydra

Illustrated notes

Levels and vault maps discovered:
D:1:      dpeg_arrival_prison, layout_loops_ring, serial_glass, glass_columns_a,
          glass_columns_a, minmay_nonomino_d4
D:2:      layout_loops_ring
D:3:      layout_basic, trog_book, yredelemnul_forgotten_temple_becter
D:4:      layout_basic, minmay_temple_entry_statues_fountains, uniq_sigmund
D:5:      layout_gridville, uniq_menkaure, uniq_eustachio
D:6:      layout_cave_pools, serial_gnoll_camp, gnoll_camp_mini_shop,
          gnoll_camp_mini_doghouse, gnoll_camp_huts_basic, gnoll_camp_mini_hut,
          gnoll_camp_mini_house, roderic_malta_cross
D:7:      layout_loops_ring, nicolae_ossuary_entry_ruins
D:8:      layout_gridville, lemuel_tele_altar, nicolae_elyvilon_peaceful_grove,
          erik_lair_dragon, enter_bailey_3, uniq_grum, uniq_erica, uniq_pikel,
          uniq_gastronok
D:9:      minmay_the_grid_3x2 [minmay_the_grid_large_cup, minmay_the_grid_empty,
          minmay_the_grid_minigrid_small_alt, minmay_the_grid_outer_circle,
          minmay_the_grid_medium_cups, minmay_the_grid_prize_inner_circle],
          layout_grid_maze, minmay_misc_feat_x, uniq_maurice
Temple:   regret_index_temple_sphere_string

Skill      XL: |  1  2  3  4  5  6  7  8  9 10 11 |
---------------+----------------------------------+-----
Fighting       | 4 5 6 8 9 11 | 11.8
Maces & Flails | 3 4 5 7 8 9 10 | 10.6
Armour         | 1 3 4 5 7 8 |  8.1
Evocations     | 3 5 |  5.4
Shields        | 4 6 |  6.2
Dodging        | |  1.5
Stealth        | |  5.4

Action                   |  1- 3 |  4- 6 |  7- 9 | 10-12 || total
-------------------------+-------+-------+-------+-------++-------
Melee: Mace              |   126 |    90 |       |       ||   216
       Punch             |       |     2 |    10 |       ||    12
       Flail             |       |    58 |   523 |   480 ||  1061
Evoke: Wand              |       |       |       |     4 ||     4
       Phantom mirror    |       |       |       |     1 ||     1
  Use: Potion            |     1 |     2 |     1 |     6 ||    10
       Scroll            |    11 |     2 |     6 |    15 ||    34
 Stab: Invisible         |       |     4 |       |       ||     4
Armor: Chain mail        |   100 |   133 |   313 |   231 ||   777
Dodge: Dodged            |    65 |    88 |   633 |   366 ||  1152
Block: Buckler           |       |       |       |   125 ||   125

Table legend: (Time is in decaauts)
 A = Elapsed time spent in this place.
 B = Non-inter-level travel time spent in this place.
 C = Inter-level travel time spent in this place.
 D = Time resting spent in this place.
 E = Time spent auto-exploring this place.
 F = Levels seen in this place.
 G = Mean time per level.
                   A        B        C        D        E       F      G
               +--------+--------+--------+--------+--------+-----+--------+
         Total |   9779 |   9255 |    524 |   2061 |   4398 |  12 |  814.9 |
       Dungeon |   9098 |   8609 |    489 |   2050 |   4133 |   9 | 1010.9 |
        Temple |    226 |    191 |     35 |      9 |    125 |   1 |  226.0 |
       Ossuary |    152 |    152 |      0 |      0 |     66 |   1 |  152.0 |
        Bailey |    302 |    302 |      0 |      2 |     74 |   1 |  302.0 |
               +--------+--------+--------+--------+--------+-----+--------+

Top non-repeatable levels by time:
     D:5: 1437 daAuts
     D:7: 1320 daAuts
     D:8: 1161 daAuts
     D:1: 1045 daAuts
     D:6: 1031 daAuts
     D:4: 1008 daAuts
     D:3: 835 daAuts
     D:9: 722 daAuts
     D:2: 534 daAuts
  Bailey: 302 daAuts
  Temple: 226 daAuts
 Ossuary: 152 daAuts
